 Dungeon Crawl Stone Soup version 0.31-a0-983-g7b6862f502 (webtiles) character file.

Game seed: 12901830772773318453

2174 p00ps00p the Cleaver (level 9, -2/81 HPs)
             Began as a Hill Orc Fighter on Nov 3, 2023.
             Was an Initiate of Gozag.
             Slain by a gnoll sergeant
             ... wielding a +2 spear of flaming
              (7 damage)
             ... on level 8 of the Dungeon.
             The game lasted 00:12:29 (7440 turns).

p00ps00p the Cleaver (Hill Orc Fighter)             Turns: 7440, Time: 00:12:30

Health: -2/81      AC: 16    Str: 23    XL:     9   Next: 32%
Magic:  9/9        EV:  8    Int:  8    God:    Gozag
Gold:   470        SH:  5    Dex: 10    Spells: 8/8 levels left

rFire   . . .        a - +0 war axe (flame)
rCold   . . .        c - +0 buckler
rNeg    . . .        z - +0 chain mail
rPois   .            (no helmet)
rElec   .            i - +1 cloak
rCorr   +            r - +2 pair of gloves
SInv    .            (no boots)
Will    .....        (no amulet) Stlth
                     h - ring of resist corrosion
HPRegen 0.33/turn    (no ring)
MPRegen 0.11/turn

%: no passive effects
@: no status effects
A: no striking features
a: Renounce Religion, Potion Petition, Call Merchant, Bribe Branch


You were on level 8 of the Dungeon.
You worshipped Gozag.
Gozag was aware of your devotion.
You visited 2 branches of the dungeon, and saw 9 of its levels.

You collected 900 gold pieces.
You spent 298 gold pieces at shops.
You paid 132 gold pieces to Gozag.

Inventory:

Hand Weapons
 a - a +0 war axe of flaming (weapon)
Missiles
 m - 5 datura-tipped darts (quivered)
 p - 4 curare-tipped darts
 q - 3 darts of dispersal
 y - a throwing net
Armour
 c - a +0 buckler (worn)
 i - a +1 cloak (worn)
 r - a +2 pair of gloves (worn)
 z - a +0 chain mail (worn)
Jewellery
 h - a ring of resist corrosion (left hand)
Wands
 l - a wand of flame (26)
 n - a wand of acid (16)
 t - a wand of charming (8)
Scrolls
 j - a scroll of blinking {unknown}
 u - 2 scrolls of vulnerability
 A - a scroll of fear
 B - a scroll of teleportation
 C - a scroll of torment {unknown}
Potions
 b - a potion of cancellation {unknown}
 d - a potion of might
 e - a potion of heal wounds
 f - 2 potions of enlightenment
 g - 2 potions of resistance
 k - a potion of attraction {unknown}
 o - 2 potions of berserk rage {unknown}
 s - 2 potions of magic {unknown}
 v - a potion of ambrosia {unknown}
 w - a potion of curing {unknown}
 x - a potion of mutation {unknown}


   Skills:
 + Level 8.1 Fighting
 + Level 8.3 Axes
 + Level 7.4 Armour
 + Level 7.4 Shields


You had 8 spell levels left.
You didn't know any spells.
Your spell library contained the following spells:

 Spells                   Type           Power      Damage    Failure   Level
 Magic Dart               Conj           0%         1d3       95%         1
 Summon Small Mammal      Summ           0%         N/A       95%         1
 Searing Ray              Conj           0%         2d4       98%         2
 Call Canine Familiar     Summ           0%         N/A       100%        3
 Summon Guardian Golem    Hex/Summ       0%         N/A       100%        3
 Fulminant Prism          Conj/Hex       0%         3d5       100%        4
 Summon Forest            Summ/Tloc      0%         N/A       100%        5
 Summon Mana Viper        Hex/Summ       0%         N/A       100%        5
 Summon Cactus Giant      Summ           0%         N/A       100%        6


Dungeon Overview and Level Annotations

Branches:
Dungeon (8/15)             Temple (1/1) D:4
   Lair: D:8-11

Altars:
Ashenzari
Dithmenos
Elyvilon
Fedhas
Gozag
Hepliaklqana
Kikubaaqudgha
Makhleb
Nemelex Xobeh
Okawaru
Qazlal
Sif Muna
Trog
Uskayaw
Vehumet
Wu Jian
Xom
Yredelemnul
Zin
The Shining One
Beogh

Shops:
D:3 ([(*

Annotations:
D:1 2 runed translucent doors


Message History

4 gold pieces; a +0 club The gnoll sergeant blocks your attack.
The gnoll sergeant hits you with a +2 spear of flaming.
* * * LOW HITPOINT WARNING * * *
The gnoll sergeant burns you.
* * * LOW HITPOINT WARNING * * *
You completely miss the gnoll sergeant.
The gnoll sergeant hits you but does no damage.
You completely miss the gnoll sergeant.
The gnoll sergeant hits you with a +2 spear of flaming.
* * * LOW HITPOINT WARNING * * *
The gnoll sergeant burns you.
* * * LOW HITPOINT WARNING * * *
You slash the gnoll sergeant! You burn the gnoll sergeant.
The gnoll sergeant is moderately wounded.
You block the gnoll sergeant's attack.
You hit the gnoll sergeant but do no damage.
The gnoll sergeant is moderately wounded.
You block the gnoll sergeant's attack.
You hit the gnoll sergeant. You burn the gnoll sergeant.
The gnoll sergeant is heavily wounded.
The gnoll sergeant hits you but does no damage.
The gnoll sergeant blocks your attack.
The gnoll sergeant is heavily wounded.
The gnoll sergeant hits you but does no damage.
The gnoll sergeant barely misses you.
You hit the gnoll sergeant. You burn the gnoll sergeant.
The gnoll sergeant is severely wounded.
The gnoll sergeant hits you but does no damage.
You hit the gnoll sergeant. You burn the gnoll sergeant.
The gnoll sergeant is almost dead.
The gnoll sergeant hits you with a +2 spear of flaming!
* * * LOW HITPOINT WARNING * * *
The gnoll sergeant burns you.
* * * LOW HITPOINT WARNING * * *
You hit the gnoll sergeant. You burn the gnoll sergeant.
The gnoll sergeant is almost dead.
The gnoll sergeant hits you with a +2 spear of flaming!
You die...
Your body crumbles into a pile of gold.

............##
............. #
#..............
..#..............#
...................
...........##......
#...g............
#...@$..........
#####.........##
#...........
#...........
#...<.......
#........#..
#............
#..........^.
..............


You could see a gnoll sergeant.

Vanquished Creatures
  A steam dragon (D:7)
  3 black bears
  An orc warrior (D:6)
  An ice beast (D:6)
  A sky beast (D:7)
  An ogre (D:4)
  A centaur (D:6)
  A phantom (D:6)
  A gnoll sergeant (D:4)
  4 scorpions
  3 wights (D:6)
  3 hounds
  2 orc priests (D:3)
  4 jellies
  Jessica (D:3)
  2 sleepcaps
  3 iguanas (D:5)
  2 orc wizards
  16 gnolls
  5 adders
  A shadow imp (D:6)
  2 white imps
  A worm (D:2)
  A dart slug (D:4)
  15 orcs
  5 endoplasms
  3 giant cockroaches
  10 goblins
  9 hobgoblins
  3 jackals (D:3)
  3 kobolds
  6 quokkas
  12 ball pythons
  3 bats
  3 frilled lizards
  5 rats
138 creatures vanquished.

Notes
Turn   | Place    | Note
-------+----------+-------------------------------------------
     0 | D:1      | p00ps00p the Hill Orc Fighter began the quest for the Orb.
     0 | D:1      | Reached XP level 1. HP: 19/19 MP: 1/1
    72 | D:1      | Found a large runed translucent door.
    72 | D:1      | Found a large runed translucent door.
    72 | D:1      | Noticed an orc priest
    72 | D:1      | Noticed an orc warrior
    72 | D:1      | Noticed an orc priest
    79 | D:1      | Found a roughly hewn altar of Beogh.
   287 | D:1      | Reached XP level 2. HP: 26/27 MP: 2/2
   597 | D:1      | Reached XP level 3. HP: 19/33 MP: 3/3
  1576 | D:2      | Found a faded altar of an unknown god.
  1678 | D:2      | Identified the +5 ring mail "Icusteif" {Harm rPois Str-3
                  | Stlth+}
  1991 | D:3      | Reached XP level 4. HP: 41/41 MP: 4/4
  2001 | D:3      | Found Puaqealoi's Antique Armour Emporium.
  2027 | D:3      | Noticed a scorpion
  2033 | D:3      | Killed a scorpion
  2034 | D:3      | Reached XP level 5. HP: 47/47 MP: 5/5
  2089 | D:3      | Noticed Jessica
  2097 | D:3      | Killed Jessica
  2211 | D:3      | Found a hazy altar of Hepliaklqana.
  2212 | D:3      | Found a faded altar of an unknown god.
  2344 | D:3      | Reached skill level 5 in Fighting
  2344 | D:3      | Reached XP level 6. HP: 45/56 MP: 6/6
  2379 | D:3      | You fall into a shaft and drop 3 floors!
  2384 | D:6      | Noticed an ice beast
  2465 | D:6      | Reached skill level 5 in Axes
  2468 | D:6      | Reached skill level 5 in Armour
  2468 | D:6      | Reached skill level 5 in Shields
  2468 | D:6      | Reached XP level 7. HP: 26/61 MP: 7/7
  2801 | D:5      | Entered Level 5 of the Dungeon
  3019 | D:4      | Found a staircase to the Ecumenical Temple.
  3089 | Temple   | Entered the Ecumenical Temple
  3114 | Temple   | Became a worshipper of Gozag Ym Sagoz the Greedy
  3393 | D:4      | Found a radiant altar of Vehumet.
  3629 | D:3      | Found Boedgh's Weapon Boutique.
  3637 | D:3      | Bought 4 curare-tipped darts for 52 gold pieces
  3637 | D:3      | Bought 3 darts of dispersal for 29 gold pieces
  3660 | D:3      | Found Litacs's Weapon Shoppe.
  3664 | D:3      | Found Etac Ton's Assorted Antiques.
  3697 | D:3      | Reached XP level 8. HP: 71/71 MP: 8/8
  4128 | D:3      | Bought a pair of embroidered gloves for 217 gold pieces
  4278 | D:4      | Found a bloodstained altar of Trog.
  5475 | D:6      | Found a basalt altar of Yredelemnul.
  5477 | D:6      | Found an ornate altar of the Wu Jian Council.
  5478 | D:6      | Found an ancient bone altar of Kikubaaqudgha.
  5795 | D:6      | Reached XP level 9. HP: 71/79 MP: 9/9
  7440 | D:8      | Slain by a gnoll sergeant

Illustrated notes

Levels and vault maps discovered:
D:1:      erik_arrival_cave_to_civilisation [erik_arrival_cave_to_temple],
          layout_basic, nicolae_figureground_sparkle
D:2:      layout_loops_corners, dreamdust_ecumenical_altar_angels_and_demons
D:3:      layout_basic, beargit_hepliaklqana_dungeon_heroes, serial_shops, shop,
          nicolae_diamond_shop, shop, nicolae_square_shop, uniq_jessica
D:4:      layout_basic, kennysheep_mini, nicolae_vehumet_radiance,
          minmay_temple_entry_tees, lightli_minifort
D:5:      layout_cave_pods
D:6:      layout_basic, gammafunk_temple_overflow_forgotten,
          minmay_misc_feat_secret_circle, minmay_gold_behind_fungi
D:7:      layout_gridville
D:8:      layout_cave_pools, uniq_amaemon
Temple:   nicolae_temple_great_sept

Skill      XL: |  1  2  3  4  5  6  7  8  9 |
---------------+----------------------------+-----
Axes           | 3 4 5 6 7 8 |  8.3
Fighting       | 4 5 6 7 8 |  8.1
Shields        | 4 5 6 7 |  7.4
Armour         | 4 5 6 7 |  7.4

Action                     |  1- 3 |  4- 6 |  7- 9 || total
---------------------------+-------+-------+-------++-------
  Melee: War axe           |    96 |    69 |   252 ||   417
    Use: Scroll            |     5 |     2 |     5 ||    12
         Potion            |     1 |     1 |       ||     2
   Stab: Distracted        |       |       |     1 ||     1
         Sleeping          |       |       |     1 ||     1
 Armour: Scale mail        |    53 |       |       ||    53
         Ring mail         |     6 |    42 |   143 ||   191
         Chain mail        |       |       |    69 ||    69
  Dodge: Dodged            |    52 |    42 |   109 ||   203
  Block: Buckler           |    20 |    14 |    65 ||    99

Table legend: (Time is in decaauts)
 A = Elapsed time spent in this place.
 B = Non-inter-level travel time spent in this place.
 C = Inter-level travel time spent in this place.
 D = Time resting spent in this place.
 E = Time spent auto-exploring this place.
 F = Levels seen in this place.
 G = Mean time per level.
                   A        B        C        D        E       F      G
               +--------+--------+--------+--------+--------+-----+--------+
         Total |   7547 |   7097 |    450 |   1039 |   4765 |   9 |  838.6 |
       Dungeon |   7511 |   7071 |    440 |   1039 |   4765 |   8 |  938.9 |
        Temple |     35 |     25 |     10 |      0 |      0 |   1 |   35.0 |
               +--------+--------+--------+--------+--------+-----+--------+

Top non-repeatable levels by time:
     D:7: 1341 daAuts
     D:1: 1136 daAuts
     D:5: 1095 daAuts
     D:4: 1087 daAuts
     D:6: 981 daAuts
     D:3: 968 daAuts
     D:2: 874 daAuts
  Temple: 35 daAuts
     D:8: 26 daAuts
